AoeStats
← The Senate

Arabia

504042615Analyzed
1v1 RM · 1mo ago on Sep 3, 2026· 38m 21s· 2 players
Game mode
Random Map
Map size
Tiny (2 player)
Population
200
Speed
Normal
Resources
Standard
Victory
Conquest
Starting age
Dark Age
Ending age
Imperial Age
RankedLock teamsTeams togetherTeam positionsShared explorationLock speedFull tech treeHidden civsTurbo modeCheats
Victory
Defeat
🇷🇴 Byzantines · Romania
627
+16
🇵🇰 Japanese · Pakistan
620
-16
Killua
11:27 Feudal Age
12:01 Loom
12:39 Double-Bit Axe
16:58 Horse Collar
19:53 Castle Age
18:56 Wheelbarrow
21:45 Bow Saw
21:37 Heavy Plow
22:03 Fletching
27:03 Thumb Ring
29:41 Bloodlines
29:32 Husbandry
31:16 Bodkin Arrow
33:34 Hand Cart
33:09 Town Watch
36:21 Imperial Age
33:57 Town Patrol
34:41 Bodkin Arrow
36:07 Padded Archer Armor
38:03 Parthian Tactics
37:32 Pikeman
38:12 Squires
The Senate
8:15 Loom
11:17 Feudal Age
11:43 Double-Bit Axe
11:39 Horse Collar
11:50 Gold Mining
21:18 Castle Age
25:15 Bow Saw
25:06 Heavy Plow
25:42 Gold Shaft Mining
26:42 Husbandry
28:52 Scale Barding Armor
28:59 Forging
31:20 Chain Barding Armor
31:35 Iron Casting
31:40 Heavy Plow
32:20 Wheelbarrow
36:44 Imperial Age
35:42 Iron Casting
37:10 Cavalier
37:33 Heavy Camel Rider
39:19 Plate Barding Armor
Connection lost

Rejoining the realm…

Still unreachable

The connection could not be restored.

Session expired

The server has moved on; the page needs a fresh start.